 Dungeon Crawl Stone Soup version 0.28-a0-101-g18048e5a82 (webtiles) character file.

Game seed: 7944635533608763620

118 ipx the Chopper (level 4, -2/35 HPs)
             Began as a Demonspawn Monk on Aug 10, 2021.
             Was a Priest of Sif Muna.
             Slain by an orc priest (4 damage)
             ... on level 3 of the Dungeon.
             The game lasted 00:12:17 (776 turns).

ipx the Chopper (Demonspawn Monk)                    Turns: 776, Time: 00:12:17

Health: -2/35      AC:  8    Str: 13    XL:     4   Next: 72%
Magic:  4/4        EV:  9    Int: 11    God:    Sif Muna [***...]
Gold:   50         SH:  0    Dex: 15    Spells: 3/3 levels left

rFire   . . .      SeeInvis .   a - +0 war axe
rCold   . . .      Faith    .   (no shield)
rNeg    . . .      Spirit   .   g - +0 scale mail
rPois   +          Reflect  .   (no helmet)
rElec   .          Harm     .   (no cloak)
rCorr   .          Rampage  .   (no gloves)
Will    .....                   (no boots)
Stlth   +.........              (no amulet)
HPRegen 1.11/turn               p - ring of poison resistance
MPRegen 0.09/turn               w - ring of wizardry

@: no status effects
A: molten scales 1, powered by death 1
a: Renounce Religion, Channel Magic, Forget Spell


You were on level 3 of the Dungeon.
You worshipped Sif Muna.
Sif Muna was most pleased with you.
You visited 1 branch of the dungeon, and saw 3 of its levels.

You collected 50 gold pieces.

Inventory:

Hand Weapons
 a - a +0 war axe (weapon)
 b - a +3 flail of protection
Armour
 g - a +0 scale mail (worn)
Jewellery
 p - a ring of poison resistance (left hand)
 w - a ring of wizardry (right hand)
Scrolls
 e - a scroll of enchant armour {unknown}
 f - 2 scrolls of noise {unknown}
Potions
 c - a potion of degeneration {unknown}


   Skills:
 - Level 3.0 Fighting
 + Level 5.0 Axes
 - Level 2.6 Dodging
 - Level 1.7 Stealth


You had 3 spell levels left.
You didn't know any spells.
Your spell library contained the following spells:

 Spells                   Type           Power      Damage    Failure   Level
 Corona                   Hex            0%         N/A       54%         1
 Ensorcelled Hibernation  Hex/Ice        0%         N/A       69%         2
 Ozocubu's Armour         Ice            0%         N/A       88%         3
 Tukima's Dance           Hex            0%         N/A       88%         3
 Ozocubu's Refrigeration  Ice            0%         4d5       100%        7


Dungeon Overview and Level Annotations

Branches:
Dungeon (3/15)

Altars:
Sif Muna


Innate Abilities, Weirdness & Mutations

You are partially covered in molten scales. (AC +2)
You regenerate a little health from kills.


Message History

You closely miss the orc. You hit the orc wizard.
The orc hits you but does no damage. The orc wizard barely misses you.
The orc barely misses you.
An orc comes into view. It is wielding a +0 dagger.
The orc priest calls upon Beogh to heal the orc wizard.
The orc wizard is healed somewhat.
The orc hits you with a +0 whip.
* * * LOW HITPOINT WARNING * * *
The orc shouts!
You miss the orc wizard.
The orc wizard is heavily wounded.
You hit the orc. You closely miss the orc.
The orc wizard hits you but does no damage.
The orc priest calls upon Beogh to heal the orc wizard.
The orc wizard is healed somewhat.
The orc hits you from afar with a +0 trident.
* * * LOW HITPOINT WARNING * * *
The orc hits you with a +0 whip.
* * * LOW HITPOINT WARNING * * *
The orc wizard hits you but does no damage.
The orc hits you from afar with a +0 trident.
* * * LOW HITPOINT WARNING * * *
You slash the orc wizard!
The orc wizard is severely wounded.
You hit the orc priest but do no damage.
You hit the orc. You closely miss the orc. The orc closely misses you.
The orc hits you but does no damage.
The orc wizard hits you with a +0 dagger.
* * * LOW HITPOINT WARNING * * *
The orc hits you from afar with a +0 trident.
* * * LOW HITPOINT WARNING * * *
The orc priest hits you with a +0 flail.
* * * LOW HITPOINT WARNING * * *
You slash the orc priest!
The orc priest is heavily wounded.
You barely miss the orc. You hit the orc. You closely miss the orc wizard.
The orc hits you but does no damage. x2
The orc wizard hits you but does no damage.
The orc barely misses you.
The orc priest hits you with a +0 flail.
You die...

..o......
#........
####.......
#..........
#......#
#.....)#
#....)o#
#....oo#
#....o@#
#....oo#
#......#
#......#
#......#
#......#
########


You could see an orc priest, an orc wizard and 4 orcs.

Vanquished Creatures
  An orc priest (D:3)
  An orc wizard (D:2)
  A worm (D:2)
  A dart slug (D:2)
  10 orcs
  3 bats
  An endoplasm (D:1)
  3 goblins (D:1)
  A hobgoblin (D:2)
  5 jackals
  2 quokkas (D:1)
  7 ball pythons
  2 frilled lizards (D:1)
  4 kobolds
  4 rats
46 creatures vanquished.

Notes
Turn   | Place    | Note
-------+----------+-------------------------------------------
     0 | D:1      | ipx the Demonspawn Monk began the quest for the Orb.
     0 | D:1      | Reached XP level 1. HP: 18/18 MP: 1/1
   111 | D:1      | Reached skill level 3 in Axes
   133 | D:1      | Gained mutation: You regenerate a little health from kills.
                  | [demonic ancestry]
   133 | D:1      | Reached XP level 2. HP: 19/24 MP: 2/2
   453 | D:2      | HP: 1/24 [something/magic dart (10)]
   460 | D:2      | Reached skill level 4 in Axes
   460 | D:2      | Reached XP level 3. HP: 3/29 MP: 3/3
   615 | D:2      | Found a faded altar of an unknown god.
   631 | D:2      | Gained mutation: You are partially covered in molten
                  | scales. (AC +2) [demonic ancestry]
   631 | D:2      | Reached XP level 4. HP: 18/35 MP: 4/4
   636 | D:2      | Became a worshipper of Sif Muna the Loreminder
   636 | D:2      | Reached * piety under Sif Muna
   636 | D:2      | Reached ** piety under Sif Muna
   765 | D:3      | Reached skill level 5 in Axes
   766 | D:3      | Reached *** piety under Sif Muna
   775 | D:3      | HP: 1/35 [orc priest (1)]
   776 | D:3      | Slain by an orc priest

Illustrated notes

Levels and vault maps discovered:
D:1:      heliophobic_arrival_ceremonial_halls, layout_rooms
D:2:      layout_basic, ebering_ecumenical_altar_sacrificial, serial_curves,
          eino_curves_03, eino_curves_02, eino_curves_04, eino_curves_04,
          minmay_increasing_density
D:3:      layout_basic, mainiacjoe_overflow_small_starburst, elyvilon_altar_5,
          ebering_ghost_gozag, uniq_terence

Skill      XL: |  1  2  3  4 |
---------------+-------------+-----
Axes           | 3 4 5 |  5.0
Fighting       | |  3.0
Dodging        | |  2.6
Stealth        | |  1.7

Action                   |  1- 3 |  4- 6 || total
-------------------------+-------+-------++-------
Melee: Hand axe          |    43 |       ||    43
       War axe           |    52 |    41 ||    93
       Flail             |    15 |       ||    15
  Use: Potion            |     3 |       ||     3
 Stab: Sleeping          |     1 |       ||     1
Armor: Ring mail         |    26 |       ||    26
       Scale mail        |     8 |    37 ||    45
Dodge: Dodged            |    55 |    35 ||    90

Table legend: (Time is in decaauts)
 A = Elapsed time spent in this place.
 B = Non-inter-level travel time spent in this place.
 C = Inter-level travel time spent in this place.
 D = Time resting spent in this place.
 E = Time spent auto-exploring this place.
 F = Levels seen in this place.
 G = Mean time per level.
                   A        B        C        D        E       F      G
               +--------+--------+--------+--------+--------+-----+--------+
         Total |    802 |    802 |      0 |      0 |      0 |   3 |  267.3 |
       Dungeon |    802 |    802 |      0 |      0 |      0 |   3 |  267.3 |
               +--------+--------+--------+--------+--------+-----+--------+

Top non-repeatable levels by time:
     D:2: 393 daAuts
     D:1: 342 daAuts
     D:3: 65 daAuts
